Map: Blackpink LE

Players

Uberpwnzorz

  • Race: Zerg Zerg
  • League: Diamond
  • Spawn Location: 7:00

ShXtStorm - Winner!

  • Race: Terran Terran
  • League: Master
  • Spawn Location: 1:00

VOD

Have the link to the VOD?

Description

Time

  • Played on: Feb. 28, 2018, 6:54 p.m.
  • Length: 11:46
Show
View Real Time Build Order
Export as new Build Order

Uberpwnzorz Zerg 

Build Orders: Hatch First 

Get SALT Encoding   

  12  0:01  Drone  
  13  0:12  Overlord  
  13  0:17  Drone  
  14  0:31  Drone x2  
  14  0:34  Drone  
  17  0:53  Hatchery  
  17  0:56  Drone  
  17  0:59  Drone  
  18  1:06  Extractor  
  17  1:15  Spawning Pool  
  16  1:19  Drone  
  16  1:21  Drone  
  18  1:29  Drone  
  19  1:38  Overlord  
  19  1:49  Drone  
  20  2:05  Queen x2  
  20  2:06  Zergling x4  
  26  2:25  Hatchery  
  25  2:33  Drone x2  
  27  2:39  Drone  
  27  2:40  Drone  
  29  2:52  Metabolic Boost  
  29  2:53  Pneumatized Carapace  
  29  3:03  Queen  
  31  3:06  Overlord  
  31  3:08  Drone  
  31  3:10  Drone  
  33  3:20  Drone x2  
  33  3:21  Drone  
  36  3:31  Drone x6  
  42  3:53  Spore Crawler  
  41  4:01  Spine Crawler  
  40  4:03  Drone x10  
  50  4:12  Overlord x2  
  50  4:19  Spine Crawler  
  49  4:26  Zergling x2  
  49  4:30  Queen  
  52  4:32  Zergling x14  
  53  5:01  Drone x5  
  53  5:02  Drone x5  
  65  5:10  Lair  
  63  5:15  Extractor  
  63  5:16  Extractor  
  63  5:17  Extractor  
  63  5:18  Extractor  
  59  5:21  Zergling x2  
  59  5:22  Zergling x12  
  59  5:23  Overlord  
  66  5:57  Spore Crawler  
  66  5:59  Spine Crawler, Drone x9  
  66  6:00  Overlord x2  
  66  6:01  Overlord  
  73  6:18  Evolution Chamber  
  69  6:19  Hatchery  
  69  6:20  Evolution Chamber  
  58  6:32  Zergling x26  
  51  6:43  Hydralisk Den  
  42  6:58  Drone  
  42  6:59  Drone x8  
  49  7:22  Zerg Ground Armor Level 1, Zerg Missile Weapons Level 1  
  49  7:23  Muscular Augments  
  49  7:30  Overseer  
  49  7:38  Drone  
  49  7:39  Drone x13  
  49  7:43  Queen  
  65  7:48  Overseer  
  65  8:05  Drone  
  65  8:06  Drone x10  
  65  8:07  Roach Warren  
  73  8:30  Hydralisk  
  73  8:31  Hydralisk x4  
  73  8:32  Hydralisk x5  
  85  8:53  Overlord x3  
  85  8:54  Overlord  
  84  9:06  Extractor  
  84  9:08  Extractor  
  82  9:10  Extractor  
  82  9:12  Grooved Spines  
  82  9:13  Glial Reconstitution  
  81  9:20  Roach  
  81  9:21  Roach x8  
  99  9:27  Drone x6  
  103  9:52  Roach x14  
  101  10:06  Roach x4  
  101  10:07  Roach x2  
  90  10:15  Hydralisk x2  
  72  10:28  Roach  
  72  10:29  Roach x2  
  63  10:42  Roach x5  
  69  10:56  Hatchery  
  62  11:12  Hydralisk  
  62  11:14  Roach x9  
Show
View Real Time Build Order
Export as new Build Order

ShXtStorm Terran - Winner!

Build Orders: 1/1/1 

Get SALT Encoding   

  12  0:01  SCV  
  13  0:13  SCV  
  14  0:18  Supply Depot  
  14  0:25  SCV  
  15  0:28  Refinery  
  15  0:39  SCV  
  16  0:45  Barracks  
  16  0:51  SCV  
  17  1:03  SCV  
  18  1:22  SCV  
  19  1:32  Factory  
  19  1:34  Marine  
  19  1:36  Orbital Command  
  20  1:53  Barracks Reactor  
  20  2:00  Command Center  
  20  2:08  SCV, Refinery  
  21  2:15  Supply Depot  
  21  2:29  Starport  
  21  2:30  SCV  
  21  2:42  Widow Mine x2  
  25  2:46  SCV  
  26  2:54  Barracks Reactor  
  26  3:00  SCV  
  26  3:03  Supply Depot  
  27  3:12  Medivac  
  33  3:22  Widow Mine x2  
  33  3:38  Bunker  
  33  3:43  Hellion x2  
  36  3:52  Orbital Command  
  36  4:04  SCV  
  36  4:07  Starport Tech Lab  
  36  4:08  Factory  
  37  4:16  SCV  
  38  4:18  SCV  
  38  4:20  Barracks Tech Lab  
  39  4:28  SCV  
  39  4:30  SCV  
  39  4:31  Raven  
  43  4:40  SCV  
  43  4:43  SCV  
  45  4:52  SCV  
  46  4:57  SCV  
  46  4:58  Hellion  
  46  4:59  Hellion  
  41  5:00  Hellion x2  
  41  5:04  SCV  
  46  5:07  Supply Depot  
  46  5:09  SCV  
  46  5:10  Armory  
  47  5:16  SCV  
  47  5:18  Medivac  
  47  5:20  Hellion x2  
  54  5:22  Factory  
  54  5:28  SCV  
  54  5:29  Supply Depot, Hellion  
  54  5:31  SCV  
  58  5:39  Refinery  
  58  5:41  SCV  
  58  5:42  Refinery  
  59  5:43  SCV  
  59  5:47  Hellion  
  62  5:51  Hellion  
  62  5:53  SCV  
  62  5:56  Hellion, SCV  
  70  6:01  Terran Vehicle Weapons Level 1  
  68  6:05  SCV  
  68  6:08  SCV  
  70  6:20  Barracks Tech Lab  
  70  6:21  SCV x2  
  70  6:48  Hellion  
  70  6:53  Medivac  
  70  6:56  Hellion x2, SCV x2  
  70  6:57  Hellion  
  70  6:58  Infernal Pre-Igniter  
  68  7:07  Thor  
  74  7:09  Hellion  
  74  7:10  SCV  
  74  7:11  SCV  
  74  7:15  Command Center  
  78  7:41  Supply Depot  
  78  7:44  Factory  
  78  7:45  Supply Depot  
  78  7:52  Armory  
  78  7:55  Supply Depot  
  78  8:01  Medivac, Siege Tank  
  78  8:02  Hellion  
  78  8:03  Hellion x3  
  78  8:05  Supply Depot  
  91  8:10  Terran Vehicle Weapons Level 2  
  91  8:23  Hellion  
  91  8:25  Hellion x3  
  99  8:33  Siege Tank  
  92  8:39  Smart Servos  
  87  8:44  Hellion  
  87  8:46  Hellion x3  
  93  8:51  SCV x2  
  95  9:03  Terran Vehicle And Ship Armor Level 1, SCV x2  
  95  9:06  Siege Tank  
  95  9:07  Medivac  
  102  9:10  Supply Depot  
  102  9:12  Hellion x10  
  102  9:13  Orbital Command  
  102  9:15  SCV x2  
  104  9:22  Supply Depot  
  104  9:27  SCV x2  
  106  9:38  Siege Tank  
  109  9:39  SCV  
  96  9:54  Hellion  
  92  10:03  Hellion  
  92  10:06  Hellion  
  90  10:09  Thor  
  90  10:13  Hellion  
  94  10:23  SCV x3  
  94  10:26  Refinery  
  94  10:27  Refinery  
  91  10:30  Factory Tech Lab  
  85  10:49  Hellion x2  
  93  10:50  Hellion x2  
  93  10:52  Medivac  
  93  10:53  Siege Tank  
  93  10:54  Command Center  
  98  10:59  Siege Tank  
Tags
 
Add a new tag
Caveats
  • Supply blocks, unpowered buildings, or Contaminate may cause inaccurate times.
  • Supply counts are checked every 10 seconds.